 Dungeon Crawl Stone Soup version 0.29-a0-575-g0dc89cf053 (webtiles) character file.

Game seed: 11294006717434614812

4127 croobank the Covert (level 10, 0/82 HPs)
             Began as a Gnoll Delver on June 12, 2022.
             Was an Initiate of Gozag.
             Killed by the air
             ... invoked by Gastronok
              (28 damage)
             ... on level 8 of the Dungeon.
             The game lasted 00:35:44 (9829 turns).

croobank the Covert (Gnoll Delver)                  Turns: 9829, Time: 00:35:45

Health: 0/82       AC: 10    Str: 11    XL:     10   Next: 27%
Magic:  17/17      EV: 12    Int: 14    God:    Gozag
Gold:   111        SH:  7    Dex: 14    Spells: 11/19 levels left

rFire   + + .      SeeInvis +   j - +1 whip (flame)
rCold   + . .      Faith    .   C - +2 buckler
rNeg    . . .      Spirit   .   u - +0 ring mail
rPois   +          Reflect  .   (no helmet)
rElec   +          Harm     .   w - +0 cloak
rCorr   +          Rampage  .   d - +1 pair of gloves
Will    .....                   x - +0 pair of boots
Stlth   ++++......              (no amulet)
HPRegen 0.23/turn               o - ring of protection from fire
MPRegen 0.15/turn               v - ring of see invisible

@: resistant, hasted, very quick
A: fangs 1, strong nose, distributed training
a: Renounce Religion, Potion Petition, Call Merchant, Bribe Branch


You were on level 8 of the Dungeon.
You worshipped Gozag.
Gozag was aware of your devotion.
You visited 2 branches of the dungeon, and saw 9 of its levels.

You collected 710 gold pieces.
You paid 599 gold pieces to Gozag.

Inventory:

Hand Weapons
 a - a +0 hand axe
 f - a +0 halberd
 j - a +1 whip of flaming (weapon)
 k - a +1 vorpal war axe
 n - a +1 dagger of protection
 r - a +2 quarterstaff of chaos
 A - a +0 long sword
 D - a +0 shortbow
 F - a +2 spear of pain
 H - a +0 hunting sling
 J - a +0 battleaxe
 L - a +0 dagger of venom
Missiles
 p - 10 poisoned darts
 q - 228 stones (quivered)
 t - 7 silver boomerangs
 I - 5 atropa-tipped darts
 K - a curare-tipped dart
Armour
 b - a +0 leather armour
 d - a +1 pair of gloves (worn)
 u - a +0 ring mail (worn)
 w - a +0 cloak (worn)
 x - a +0 pair of boots (worn)
 C - a +2 buckler (worn)
 E - the +0 pair of boots of Entitlement {Str+4 Int-4}
   (You found it on level 7 of the Dungeon)

   Str:       It affects your strength (+4).
   Int:       It affects your intelligence (-4).
Magical Staves
 i - a staff of air
 G - a staff of poison
Jewellery
 o - a ring of protection from fire (left hand)
 v - a ring of see invisible (right hand)
Wands
 g - a wand of digging (3)
 y - a wand of polymorph (7)
Scrolls
 c - 4 scrolls of fog
 e - 2 scrolls of teleportation
 M - a scroll of magic mapping
Potions
 h - a potion of degeneration
 l - 5 potions of curing
 m - 2 potions of mutation
 s - 2 potions of lignification {unknown}
 z - 2 potions of attraction {unknown}
 B - 3 potions of brilliance {unknown}
 N - a potion of might
 O - 2 potions of heal wounds
 P - a potion of resistance {unknown}


   Skills:
 + Level 8.4 Fighting
 + Level 5.1 Short Blades
 + Level 5.1 Long Blades
 + Level 6.9 Axes
 + Level 5.1 Maces & Flails
 + Level 5.1 Polearms
 + Level 5.1 Staves
 + Level 5.1 Slings
 + Level 5.1 Bows
 + Level 5.1 Crossbows
 + Level 5.1 Throwing
 + Level 5.1 Armour
 + Level 6.9 Dodging
 + Level 10.9 Stealth
 + Level 5.1 Shields
 + Level 5.1 Unarmed Combat
 + Level 5.1 Spellcasting
 + Level 4.2 Conjurations
 + Level 4.2 Hexes
 + Level 4.2 Summonings
 + Level 4.2 Necromancy
 + Level 4.2 Translocations
 + Level 4.2 Transmutations
 + Level 4.2 Fire Magic
 + Level 4.2 Ice Magic
 + Level 4.2 Air Magic
 + Level 4.2 Earth Magic
 + Level 4.2 Poison Magic
 + Level 5.6 Invocations
 + Level 5.1 Evocations


You had 11 spell levels left.
You knew the following spells:

 Your Spells              Type           Power      Damage    Failure   Level
a - Blink                 Tloc           30%        N/A       13%         2
b - Dazzling Flash        Conj/Hex       30%        N/A       26%         3
c - Ozocubu's Armour      Ice            15%        N/A       26%         3

Your spell library contained the following spells:

 Spells                   Type           Power      Damage    Failure   Level
 Agony                    Necr           15%        N/A       94%         5
 Manifold Assault         Tloc           15%        N/A       94%         5
 Silence                  Hex/Air        7%         N/A       94%         5
 Ozocubu's Refrigeration  Ice            7%         4d6       100%        7
 Storm Form               Tmut/Air       7%         N/A       100%        7


Dungeon Overview and Level Annotations

Branches:
Dungeon (8/15)             Temple (1/1) D:6            Lair (0/6) D:8

Altars:
Ashenzari
Cheibriados
Gozag
Qazlal
Vehumet
Xom

Annotations:
D:6 Grinder
D:8 Gastronok


Innate Abilities, Weirdness & Mutations

You have very sharp teeth.
Your uncanny sense of smell can sniff out nearby items.
Your experience applies equally to all skills.


Message History

Gastronok is severely wounded.
You hit Gastronok. You burn Gastronok.
Gastronok is severely wounded.
You barely miss Gastronok. You bite Gastronok, but do no damage.
Gastronok is severely wounded.
Gastronok barely misses you.
You hit Gastronok but do no damage. You bite Gastronok, but do no damage.
Gastronok is severely wounded.
You hit Gastronok. You burn Gastronok. You bite Gastronok, but do no damage.
Gastronok is severely wounded.
You hit Gastronok but do no damage.
Gastronok is severely wounded.
Gastronok bites you.
You hit Gastronok. You burn Gastronok.
Gastronok is severely wounded.
You hit Gastronok. You burn Gastronok.
Gastronok is severely wounded.
You hit Gastronok but do no damage.
Gastronok is severely wounded.
You hit Gastronok. You burn Gastronok.
Gastronok is almost dead.
Gastronok completely misses you.
You hit Gastronok. You burn Gastronok. You bite Gastronok.
Gastronok is almost dead.
You barely miss Gastronok. You bite Gastronok, but do no damage.
Gastronok is almost dead.
You hit Gastronok. You burn Gastronok.
Gastronok is almost dead.
Gastronok gurgles, "Huuuuuuuuuuungry!"
You block Gastronok's attack.
You hit Gastronok. You burn Gastronok.
Gastronok is almost dead.
You hit Gastronok. You burn Gastronok.
Gastronok is almost dead.
You hit Gastronok. You burn Gastronok. You bite Gastronok, but do no damage.
Gastronok is almost dead.
Gastronok waves his eye-stalks in wide circles.
The air twists around and strikes you!!
You die...
Your body crumbles into a pile of gold.

##### #.#..# ..... #.... ###
..... ##.#..$$. ..≈..
.....>........ ..≈.≈ ∆ ....#.
....... ..≈.≈ .. #..b.
#.#...#....≈≈ .. #.#w#
#.#...#.....≈ #. #.#@#
#.#.>.#...≈≈≈ #.
##.#.####.#...#...≈≈≈ #.
#......##.##.##..≈≈≈≈
#.######..#.#.##.......≈≈≈≈≈
#...........#.###......≈≈≈≈≈
##.#<##..####.###......≈≈≈≈≈
#######.#.##..####........#.≈≈≈≈≈
..........##...........##<#.≈≈≈≈≈
#######.####.#..............≈≈≈≈≈


You could see Gastronok (swift) and a bat (summoned).

Vanquished Creatures
  A troll (D:8)
  3 water moccasins
  2 orc warriors (D:6)
  A black bear (D:5)
  3 ice beasts
  A sky beast (D:6)
  2 centaurs
  2 ogres
  A phantom (D:5)
  3 kobold brigands
  4 bullfrogs
  3 scorpions
  5 wights
  5 killer bees
  A howler monkey (D:5)
  5 orc priests
  7 hounds
  3 jellies
  Crazy Yiuf (D:3)
  Jessica (D:3)
  6 iguanas
  7 orc wizards
  4 adders
  A shadow imp (D:6)
  3 worms
  2 dart slugs (D:1)
  12 orcs
  6 endoplasms
  3 giant cockroaches
  4 goblins
  3 hobgoblins
  5 jackals
  2 quokkas (D:4)
  11 ball pythons
  3 bats
  A frilled lizard (D:2)
  14 kobolds
  9 rats
150 creatures vanquished.

Vanquished Creatures (collateral kills)
  Pikel (D:4)
1 creature vanquished.

Grand Total: 151 creatures vanquished

Notes
Turn   | Place    | Note
-------+----------+-------------------------------------------
     0 | D:5      | Reached skill level 9 in Stealth
     0 | D:5      | croobank the Gnoll Delver began the quest for the Orb.
     0 | D:5      | Reached XP level 1. HP: 23/23 MP: 1/1
   203 | D:5      | Noticed a phantom
   227 | D:5      | Noticed a howler monkey
   255 | D:4      | Noticed Pikel
   255 | D:4      | Noticed a lemure
   255 | D:4      | Noticed a lemure
   255 | D:4      | Noticed a lemure
   255 | D:4      | Noticed a lemure
   255 | D:4      | Noticed a jelly
   255 | D:4      | Found a shimmering altar of Xom.
   306 | D:3      | Reached XP level 2. HP: 24/29 MP: 2/2
   411 | D:3      | Noticed Jessica
   579 | D:2      | Reached XP level 3. HP: 35/35 MP: 3/3
   920 | D:2      | Reached skill level 1 in Invocations
  1215 | D:1      | Reached skill level 1 in Short Blades
  1215 | D:1      | Reached skill level 1 in Long Blades
  1215 | D:1      | Reached skill level 1 in Maces & Flails
  1215 | D:1      | Reached skill level 1 in Polearms
  1215 | D:1      | Reached skill level 1 in Staves
  1215 | D:1      | Reached skill level 1 in Slings
  1215 | D:1      | Reached skill level 1 in Bows
  1215 | D:1      | Reached skill level 1 in Crossbows
  1215 | D:1      | Reached skill level 1 in Throwing
  1215 | D:1      | Reached skill level 1 in Armour
  1215 | D:1      | Reached skill level 1 in Shields
  1215 | D:1      | Reached skill level 1 in Unarmed Combat
  1215 | D:1      | Reached skill level 1 in Spellcasting
  1215 | D:1      | Reached skill level 1 in Evocations
  1301 | D:1      | Reached XP level 4. HP: 41/41 MP: 5/5
  2377 | D:3      | Killed Jessica
  2378 | D:3      | Reached skill level 1 in Conjurations
  2378 | D:3      | Reached skill level 1 in Hexes
  2378 | D:3      | Reached skill level 1 in Summonings
  2378 | D:3      | Reached skill level 1 in Necromancy
  2378 | D:3      | Reached skill level 1 in Translocations
  2378 | D:3      | Reached skill level 1 in Transmutations
  2378 | D:3      | Reached skill level 1 in Fire Magic
  2378 | D:3      | Reached skill level 1 in Ice Magic
  2378 | D:3      | Reached skill level 1 in Air Magic
  2378 | D:3      | Reached skill level 1 in Earth Magic
  2378 | D:3      | Reached skill level 1 in Poison Magic
  2661 | D:3      | Found a runed translucent door.
  2663 | D:3      | Noticed Crazy Yiuf
  2670 | D:3      | Killed Crazy Yiuf
  2671 | D:3      | Reached XP level 5. HP: 47/47 MP: 5/7
  2936 | D:4      | Killed Pikel
  2937 | D:4      | Reached skill level 5 in Axes
  2937 | D:4      | Reached skill level 5 in Dodging
  2937 | D:4      | Reached XP level 6. HP: 32/55 MP: 7/9
  2937 | D:4      | Reached XP level 7. HP: 35/60 MP: 7/10
  3140 | D:4      | Reached skill level 10 in Stealth
  3432 | D:4      | Reached XP level 8. HP: 67/67 MP: 12/12
  5210 | D:5      | Learned a level 2 spell: Blink
  5575 | D:6      | Reached XP level 9. HP: 63/72 MP: 14/14
  5981 | D:6      | Noticed Grinder
  6429 | D:6      | Found a staircase to the Ecumenical Temple.
  6451 | Temple   | Entered the Ecumenical Temple
  6459 | Temple   | Became a worshipper of Gozag Ym Sagoz the Greedy
  7379 | D:7      | Identified the +0 pair of boots of Entitlement {Str+4
                  | Int-4}
  8272 | D:6      | Reached skill level 5 in Invocations
  8814 | D:7      | Found a stormy altar of Qazlal.
  8864 | D:7      | Reached XP level 10. HP: 66/80 MP: 17/17
  9122 | D:8      | Learned a level 3 spell: Dazzling Flash
  9145 | D:8      | Learned a level 3 spell: Ozocubu's Armour
  9203 | D:8      | Reached skill level 5 in Short Blades
  9203 | D:8      | Reached skill level 5 in Long Blades
  9203 | D:8      | Reached skill level 5 in Maces & Flails
  9203 | D:8      | Reached skill level 5 in Polearms
  9203 | D:8      | Reached skill level 5 in Staves
  9203 | D:8      | Reached skill level 5 in Slings
  9203 | D:8      | Reached skill level 5 in Bows
  9203 | D:8      | Reached skill level 5 in Crossbows
  9203 | D:8      | Reached skill level 5 in Throwing
  9203 | D:8      | Reached skill level 5 in Armour
  9203 | D:8      | Reached skill level 5 in Shields
  9203 | D:8      | Reached skill level 5 in Unarmed Combat
  9203 | D:8      | Reached skill level 5 in Spellcasting
  9203 | D:8      | Reached skill level 5 in Evocations
  9220 | D:8      | Found a staircase to the Lair.
  9782 | D:8      | Noticed Gastronok
  9801 | D:8      | HP: 1/82 [Gastronok/the air (26)]
  9829 | D:8      | Killed from afar by Gastronok

Illustrated notes

Levels and vault maps discovered:
D:1:      dpeg_arrival_three_same_balls, layout_loops_ring
D:2:      layout_loops_ring
D:3:      layout_rooms, uniq_crazy_yiuf_cottage, uniq_jessica
D:4:      layout_cave_pods, xom_teletrap_fun,
          nicolae_concentric_dashed_squares_mild, uniq_pikel
D:5:      layout_gridville, kennysheep_generic_room_11
D:6:      layout_layer_cave, temple_fountains, uniq_grinder
D:7:      layout_cave_pools, nicolae_qazlal_eye_of_the_storm
D:8:      layout_loops_cross, erik_lair_island, uniq_gastronok
Temple:   regret_index_temple_mists

Skill      XL: |  1  2  3  4  5  6  7  8  9 10 |
---------------+-------------------------------+-----
Stealth        | 10 | 10.9
Invocations    | 1 2 3 4 5 |  5.6
Short Blades   | 1 2 3 4 5 |  5.1
Long Blades    | 1 2 3 4 5 |  5.1
Maces & Flails | 1 2 3 4 5 |  5.1
Polearms       | 1 2 3 4 5 |  5.1
Staves         | 1 2 3 4 5 |  5.1
Slings         | 1 2 3 4 5 |  5.1
Bows           | 1 2 3 4 5 |  5.1
Crossbows      | 1 2 3 4 5 |  5.1
Throwing       | 1 2 3 4 5 |  5.1
Armour         | 1 2 3 4 5 |  5.1
Shields        | 1 2 3 4 5 |  5.1
Unarmed Combat | 1 2 3 4 5 |  5.1
Spellcasting   | 1 2 3 4 5 |  5.1
Evocations     | 1 2 3 4 5 |  5.1
Conjurations   | 1 2 3 4 |  4.2
Hexes          | 1 2 3 4 |  4.2
Summonings     | 1 2 3 4 |  4.2
Necromancy     | 1 2 3 4 |  4.2
Translocations | 1 2 3 4 |  4.2
Transmutations | 1 2 3 4 |  4.2
Fire Magic     | 1 2 3 4 |  4.2
Ice Magic      | 1 2 3 4 |  4.2
Air Magic      | 1 2 3 4 |  4.2
Earth Magic    | 1 2 3 4 |  4.2
Poison Magic   | 1 2 3 4 |  4.2
Fighting       | 7 8 |  8.4
Axes           | 5 6 |  6.9
Dodging        | 5 6 |  6.9

Action                   |  1- 3 |  4- 6 |  7- 9 | 10-12 || total
-------------------------+-------+-------+-------+-------++-------
Melee: War axe           |    95 |    43 |   241 |    65 ||   444
       Hand axe          |     4 |       |       |       ||     4
       Bite              |    11 |     6 |    46 |    18 ||    81
       Punch             |     1 |       |       |       ||     1
       Dagger            |     1 |       |    43 |       ||    44
       Whip              |       |       |   124 |    26 ||   150
       Spear             |       |       |       |     8 ||     8
Throw: Stone             |       |       |     1 |       ||     1
 Cast: Blink             |       |       |     1 |       ||     1
       Dazzling Flash    |       |       |       |     4 ||     4
       Ozocubu's Armour  |       |       |       |     1 ||     1
Invok: Potion Petition   |       |       |       |     1 ||     1
Evoke: Wand              |       |       |     6 |     2 ||     8
  Use: Scroll            |     2 |    12 |     9 |       ||    23
       Potion            |       |     1 |     7 |       ||     8
 Stab: Sleeping          |    16 |     9 |     7 |     1 ||    33
       Distracted        |       |     2 |       |       ||     2
       Invisible         |       |       |       |     1 ||     1
Armor: Leather armour    |    35 |       |       |       ||    35
       Ring mail         |       |    10 |   158 |    30 ||   198
Dodge: Dodged            |    88 |    17 |   217 |    60 ||   382
Block: Buckler           |       |     8 |   127 |    40 ||   175

Table legend: (Time is in decaauts)
 A = Elapsed time spent in this place.
 B = Non-inter-level travel time spent in this place.
 C = Inter-level travel time spent in this place.
 D = Time resting spent in this place.
 E = Time spent auto-exploring this place.
 F = Levels seen in this place.
 G = Mean time per level.
                   A        B        C        D        E       F      G
               +--------+--------+--------+--------+--------+-----+--------+
         Total |   9917 |   9489 |    428 |   2380 |   4844 |   9 | 1101.9 |
       Dungeon |   9896 |   9478 |    418 |   2380 |   4844 |   8 | 1237.0 |
        Temple |     21 |     11 |     10 |      0 |      0 |   1 |   21.0 |
               +--------+--------+--------+--------+--------+-----+--------+

Top non-repeatable levels by time:
     D:6: 2627 daAuts
     D:5: 1524 daAuts
     D:4: 1284 daAuts
     D:7: 1253 daAuts
     D:2: 1063 daAuts
     D:1: 829 daAuts
     D:8: 724 daAuts
     D:3: 589 daAuts
  Temple: 21 daAuts
